 Dungeon Crawl Stone Soup version 0.28.0-53-g5a82cb258f (webtiles) character file.

Game seed: 10543371311286400094

1667 cbfl8 the Cleaver (level 8, -4/106 HPs)
             Began as a Minotaur Berserker on July 27, 2022.
             Was an Elder of Trog.
             Slain by an eight-headed hydra (6 damage)
             ... on level 8 of the Dungeon.
             The game lasted 00:05:29 (5022 turns).

cbfl8 the Cleaver (Minotaur Berserker)              Turns: 5022, Time: 00:05:30

Health: -4/106     AC: 19    Str: 22    XL:     8   Next: 69%
Magic:  7/7        EV:  8    Int:  4    God:    Trog [****..]
Gold:   279        SH:  0    Dex: 18    Spells: 7/7 levels left

rFire   . . .      SeeInvis .   B - +0 battleaxe (elec)
rCold   . . .      Faith    .   (shield currently unavailable)
rNeg    . . .      Spirit   .   g - +0 plate armour
rPois   .          Reflect  .   (helmet restricted)
rElec   .          Harm     .   s - +1 cloak
rCorr   .          Rampage  .   C - +0 pair of gloves
Will    .....                   (no boots)
Stlth   ..........              (no amulet)
HPRegen 0.27/turn               f - +4 ring of protection
MPRegen 0.10/turn               k - +6 ring of dexterity

@: berserking, very quick
A: horns 2, retaliatory headbutt
a: Renounce Religion, Berserk, Trog's Hand, Brothers in Arms


You were on level 8 of the Dungeon.
You worshipped Trog.
Trog was greatly pleased with you.
You visited 1 branch of the dungeon, and saw 6 of its levels.

You collected 279 gold pieces.

Inventory:

Hand Weapons
 a - a +0 hand axe
 c - a +0 broad axe
 w - a +0 battleaxe
 B - a +0 battleaxe of electrocution (weapon)
Armour
 b - a +0 animal skin
 g - a +0 plate armour (worn)
 s - a +1 cloak (worn)
 C - a +0 pair of gloves (worn)
Jewellery
 d - a ring of ice
 f - a +4 ring of protection (left hand)
 k - a +6 ring of dexterity (right hand)
Wands
 l - a wand of iceblast (4) (quivered)
 q - a wand of flame (3)
 x - a wand of charming (6)
Scrolls
 e - 4 scrolls of noise {unknown}
 h - 5 scrolls of identify {unknown}
 i - 3 scrolls of enchant weapon {unknown}
 o - a scroll of acquirement {unknown}
 p - a scroll of torment {unknown}
 u - a scroll of vulnerability {unknown}
 v - 2 scrolls of immolation {unknown}
 y - a scroll of teleportation {unknown}
 D - a scroll of amnesia {unknown}
Potions
 j - 2 potions of lignification {unknown}
 m - 2 potions of haste {unknown}
 n - a potion of invisibility {unknown}
 r - a potion of curing
 t - a potion of berserk rage {unknown}
 z - a potion of might {unknown}
 A - a potion of magic {unknown}


   Skills:
 * Level 6.9 Fighting
 + Level 8.3 Axes
 + Level 5.1 Armour
 * Level 4.9 Dodging
 * Level 3.3 Stealth
 * Level 3.1 Evocations


You had 7 spell levels left.
You didn't know any spells.
Your spell library was empty.

Dungeon Overview and Level Annotations

Branches:
Dungeon (5/15)
 Temple: D:4-7

Altars:
Okawaru
Qazlal
Trog


Innate Abilities, Weirdness & Mutations

You have a pair of horns on your head.
You reflexively headbutt those who attack you in melee.


Message History

A steam dragon comes into view.
A red film seems to cover your vision as you go berserk!
You feel yourself moving faster!
You feel mighty!
The steam dragon hisses angrily.
The five-headed hydra bites you!
The five-headed hydra barely misses you.
The five-headed hydra bites you but does no damage.
The five-headed hydra bites you!
The five-headed hydra bites you but does no damage.
You chop one of the five-headed hydra's heads off!
The four-headed hydra grows two more!
You slice the six-headed hydra!! You headbutt the six-headed hydra!
The six-headed hydra is moderately wounded.
The six-headed hydra bites you! The six-headed hydra bites you. x3
The six-headed hydra bites you but does no damage.
The six-headed hydra bites you!
You lop one of the six-headed hydra's heads off!
The five-headed hydra grows two more!
You slash the seven-headed hydra!
Lightning courses through the seven-headed hydra!
The seven-headed hydra is severely wounded.
The seven-headed hydra bites you!
The seven-headed hydra bites you but does no damage.
The seven-headed hydra bites you. The seven-headed hydra bites you!
* * * LOW HITPOINT WARNING * * *
The seven-headed hydra completely misses you.
The seven-headed hydra barely misses you.
The seven-headed hydra bites you.
* * * LOW HITPOINT WARNING * * *
You hack one of the seven-headed hydra's heads off!
The six-headed hydra grows two more!
You slice the eight-headed hydra!! You headbutt the eight-headed hydra!
The eight-headed hydra is almost dead.
The eight-headed hydra bites you!
* * * LOW HITPOINT WARNING * * *
The eight-headed hydra bites you but does no damage.
The eight-headed hydra bites you!
* * * LOW HITPOINT WARNING * * *
The eight-headed hydra bites you but does no damage.
The eight-headed hydra bites you.
You die...

######..............#
# ####.^.......######
# .............# +
.......##.##.#
##.#####.##..#.## ##
#.###.#..# #.# .##.##
#. ..#..# #. #.##@#
.. #.....D......
#.#.#!.......
..<..D...... ...
.........
###.#...(..... #
##........ #........


You could see an eight-headed hydra and a steam dragon.

Vanquished Creatures
  A water moccasin (D:4)
  An orc warrior (D:8)
  2 ogres
  A necrophage (D:5)
  2 phantoms
  2 centaurs
  Blork the orc (D:4)
  A scorpion (D:3)
  5 wights (D:8)
  A centaur zombie (D:8)
  3 hounds
  2 jellies (D:4)
  An orc priest (D:8)
  Crazy Yiuf (D:3)
  Ijyb (D:3)
  Terence (D:2)
  2 orc wizards
  A scorpion zombie (D:5)
  A hound skeleton (D:4)
  A mummy (D:5)
  A howler monkey zombie (D:8)
  3 gnolls (D:4)
  4 adders
  A white imp (D:4)
  4 worms
  3 dart slugs
  7 orcs
  6 bats
  7 endoplasms
  5 giant cockroaches
  5 goblins
  5 hobgoblins
  9 jackals (D:3)
  2 quokkas
  5 ball pythons
  3 frilled lizards
  2 hobgoblin zombies (D:5)
  7 kobolds
  A kobold zombie (D:5)
  An orc zombie (D:5)
  3 rats
115 creatures vanquished.

Vanquished Creatures (others)
  12 fungi (D:8)
  26 plants (D:4)
38 creatures vanquished.

Grand Total: 153 creatures vanquished

Notes
Turn   | Place    | Note
-------+----------+-------------------------------------------
     0 | D:1      | cbfl8 the Minotaur Berserker began the quest for the Orb.
     0 | D:1      | Reached XP level 1. HP: 19/19 MP: 0/0
   113 | D:1      | Found a faded altar of an unknown god.
   216 | D:1      | Reached skill level 4 in Axes
   236 | D:1      | Reached XP level 2. HP: 27/27 MP: 1/1
  1035 | D:2      | Reached ** piety under Trog
  1036 | D:2      | Reached XP level 3. HP: 33/33 MP: 2/2
  1217 | D:2      | Found an iron altar of Okawaru.
  1292 | D:2      | Noticed Terence
  1306 | D:2      | Killed Terence
  1307 | D:2      | Reached XP level 4. HP: 18/41 MP: 3/3
  1585 | D:2      | Reached skill level 1 in Stealth
  1767 | D:3      | Found a runed translucent door.
  1768 | D:3      | Noticed Crazy Yiuf
  1961 | D:3      | Noticed a scorpion
  1966 | D:3      | Killed a scorpion
  1967 | D:3      | Reached skill level 5 in Axes
  1967 | D:3      | Reached XP level 5. HP: 47/47 MP: 4/4
  2370 | D:3      | Noticed Ijyb
  2383 | D:3      | Killed Ijyb
  2383 | D:3      | Reached *** piety under Trog
  2384 | D:3      | Reached skill level 1 in Evocations
  2510 | D:3      | Found a stormy altar of Qazlal.
  2510 | D:3      | Found a bloodstained altar of Trog.
  2596 | D:3      | Killed Crazy Yiuf
  2597 | D:3      | Reached XP level 6. HP: 36/55 MP: 5/5
  2829 | D:4      | Reached skill level 5 in Fighting
  3456 | D:4      | Reached skill level 6 in Axes
  3456 | D:4      | Reached XP level 7. HP: 61/61 MP: 6/6
  3843 | D:5      | Entered Level 5 of the Dungeon
  3843 | D:5      | Noticed Blork the orc
  3856 | D:4      | Killed Blork the orc
  4277 | D:5      | Reached skill level 7 in Axes
  4334 | D:5      | Reached XP level 8. HP: 70/70 MP: 7/7
  4564 | D:5      | You fall into a shaft and drop 3 floors!
  4751 | D:8      | Reached skill level 5 in Armour
  4754 | D:8      | Reached skill level 8 in Axes
  4778 | D:8      | Reached **** piety under Trog
  5016 | D:8      | Noticed a five-headed hydra
  5022 | D:8      | HP: 2/106 [eight-headed hydra (10)]
  5022 | D:8      | Slain by an eight-headed hydra

Illustrated notes

Levels and vault maps discovered:
D:1:      psy_arrival_whirlpool, layout_basic, ebering_ecumenical_altar_webs,
          chequers_big_river
D:2:      layout_loops_cross, basic_altar, amethyst_killhole, uniq_terence
D:3:      layout_basic, nicolae_overflow_squiral, minmay_misc_feat_more_columns,
          st_stairs_3, uniq_crazy_yiuf_cottage, uniq_ijyb
D:4:      layout_loops_ring, serial_bayou_lagoon_b
D:5:      layout_loops_ring, minmay_mini_ossuary, uniq_blork_the_orc
D:8:      kennysheep_steamy, layout_basic

Skill      XL: |  1  2  3  4  5  6  7  8 |
---------------+-------------------------+-----
Axes           | 4 5 6 7 8 |  8.3
Fighting       | 4 5 6 |  6.9
Armour         | 3 4 5 |  5.1
Stealth        | 1 2 3 |  3.3
Dodging        | 3 4 |  4.9
Evocations     | 1 2 3 |  3.1

Action                   |  1- 3 |  4- 6 |  7- 9 || total
-------------------------+-------+-------+-------++-------
Melee: Hand axe          |    94 |     9 |       ||   103
       Headbutt          |    12 |    22 |    20 ||    54
       Punch             |     2 |     3 |       ||     5
       Broad axe         |       |   103 |    29 ||   132
       Battleaxe         |       |       |    82 ||    82
Invok: Berserk           |     1 |     2 |     3 ||     6
  Use: Potion            |       |     1 |     1 ||     2
Armor: Plate armour      |    73 |    80 |    96 ||   249
       Animal skin       |     1 |       |       ||     1
Dodge: Dodged            |    30 |    40 |    50 ||   120
